 Dungeon Crawl Stone Soup version bcrawl-1.19.2-6-g6a88ae04c9 (webtiles) character file.

Game seed: 8293539660825470872

330 MisterOstroum the Conjurer (level 6, -3/51 HPs)
             Began as a Djinni Conjurer on Jan 1, 2020.
             Slain by a bullfrog (12 damage)
             ... on level 3 of the Dungeon.
             The game lasted 00:16:17 (3071 turns).

MisterOstroum the Conjurer (Djinni Conjurer)        Turns: 3071, Time: 00:16:17

Health: -3/51      AC:  2    Str: 11    XL:     6   Next: 26%
Magic:  2/12       EV: 12    Int: 19    God:
Gold:   179        SH:  0    Dex: 11    Spells: 2/13 levels left

rFire    . . .     SeeInvis .   q - +0 dagger
rCold    + . .     Gourm    .   (no shield)
rNeg     . . .     Faith    .   a - +0 robe
rPois    .         Spirit   .   (no helmet)
rElec    .         Reflect  .   (no cloak)
rCorr    .         Harm     .   (no gloves)
MR       .....     Rnd*Rage +   (boots unavailable)
Stlth    ++........             (no amulet)
HPRegen  0.17/turn              t - ring of protection from cold
MPRegen  0.13/turn              (no ring)

@: flying
A: never pass out, berserk 2, blink, blurry vision 2, wild magic 2, MP-powered
wands, floating
a: Blink


You were on level 3 of the Dungeon.
You were not hungry.

You visited 1 branch of the dungeon, and saw 3 of its levels.

You collected 179 gold pieces.

Inventory:

Hand Weapons
 b - a +0 mace
 i - a +0 short sword
 q - a +0 dagger (weapon)
 s - a +0 trident
Missiles
 g - 639 stones (quivered)
 r - 197 arrows
Armour
 a - a +0 robe (worn)
 k - a +0 leather armour
Jewellery
 t - a ring of protection from cold (left hand)
Scrolls
 f - a scroll of amnesia {unknown}
 h - 3 scrolls of remove curse {unknown}
 n - a scroll of fear {unknown}
 o - 2 scrolls of enchant weapon {unknown}
 p - a scroll of teleportation {unknown}
Potions
 c - 3 potions of magic
 d - a potion of curing
 j - a potion of lignification {@q6}
 l - a potion of mutation
 m - a potion of cancellation {unknown}
Comestibles
 e - 3 rations {!d}
 u - 5 chunks of flesh


   Skills:
 - Level 3.0 Fighting
 + Level 2.0 Dodging
 - Level 3.0 Stealth
 - Level 4.0 Spellcasting
 * Level 6.3 Conjurations
 + Level 0.0 Transmutations


You had 2 spell levels left.
You knew the following spells:

 Your Spells              Type           Power        Failure   Level  Hunger
a - Magic Dart            Conj           ####         4%          1    None
b - Searing Ray           Conj           #####...     5%          2    ##.....
c - Iskenderun's Mystic   Conj           #####...     9%          3    ###....
d - Irradiate             Conj/Tmut      ####......   85%         5    ######.

Your spell library contained the following spells:

 Spells                   Type           Power        Failure   Level  Hunger
 Fulminant Prism          Conj/Hex       ####......   54%         4    ####...


Dungeon Overview and Level Annotations

Branches:
Dungeon (3/12)

Altars:

Annotations:
D:3 Grinder


Innate Abilities, Weirdness & Mutations

You never pass out after going berserk.
You often lose your temper in combat.
You can translocate small distances at will.
Scrolls take you longer to read.
Your spells are harder to cast, but more powerful.
You expend magic power (3 MP) to strengthen your wands.
Your body floats in the air.


Message History

Confirm with . or Enter, or press ? or * to list all spells.
Okay, then.
You see here a +0 club.
Found two stone staircases leading down.
A leopard gecko comes into view.
Casting: Magic Dart (safe; 4% risk of failure)
Confirm with . or Enter, or press ? or * to list all spells.
Aiming: Magic Dart (safe; 4% risk of failure)
Press: ? - help, Shift-Dir - straight line, f - leopard gecko
Aim: a leopard gecko (resting)
The magic dart hits the leopard gecko.
The leopard gecko is heavily wounded.
Casting: Magic Dart (safe; 4% risk of failure)
Confirm with . or Enter, or press ? or * to list all spells.
Aiming: Magic Dart (safe; 4% risk of failure)
Press: ? - help, Shift-Dir - straight line, f/p - leopard gecko
Aim: a leopard gecko (heavily wounded)
The magic dart hits the leopard gecko.
You kill the leopard gecko!
A jackal comes into view.
Casting: Magic Dart (safe; 4% risk of failure)
Confirm with . or Enter, or press ? or * to list all spells.
Aiming: Magic Dart (safe; 4% risk of failure)
Press: ? - help, Shift-Dir - straight line, f - jackal
Aim: a jackal (hasn't noticed you)
The magic dart hits the jackal.
You kill the jackal!
An orc comes into view. It is wielding a +0 whip.
Casting: Magic Dart (safe; 4% risk of failure)
Confirm with . or Enter, or press ? or * to list all spells.
Aiming: Magic Dart (safe; 4% risk of failure)
Press: ? - help, Shift-Dir - straight line, f - orc
Aim: an orc, wielding a +0 whip (hasn't noticed you)
The magic dart hits the orc.
You kill the orc!
A jackal comes into view.
The jackal moves out of view.
The jackal is too close now for your liking.
Casting: Magic Dart (safe; 4% risk of failure)
Confirm with . or Enter, or press ? or * to list all spells.
Aiming: Magic Dart (safe; 4% risk of failure)
Press: ? - help, Shift-Dir - straight line, f - jackal
Aim: a jackal (hasn't noticed you)
The magic dart hits the jackal.
The jackal is almost dead.
The jackal barks!
You hear an angry hiss.
A bullfrog comes into view.
Casting: Magic Dart (safe; 4% risk of failure)
Confirm with . or Enter, or press ? or * to list all spells.
Aiming: Iskenderun's Mystic Blast (safe; 9% risk of failure)
Press: ? - help, Shift-Dir - straight line, f/p - jackal
Aim: a jackal (almost dead)
The orb of energy hits the jackal.
You kill the jackal!
You hear a bark!
A jackal comes into view.
Grinder comes into view.
Press: ? - help, v - describe, . - travel
Here: Grinder (hasn't noticed you)
The floor.
The jackal barks!
You hear an angry hiss.
You see here a +0 club.
The bullfrog closely misses you. The bullfrog hits you.
You hit the bullfrog.
The bullfrog is lightly wounded.
The bullfrog hits you.
You hit the bullfrog.
The bullfrog is lightly wounded.
The bullfrog closely misses you. The bullfrog hits you!
You hit the bullfrog.
The bullfrog is moderately wounded.
The bullfrog hits you.
Casting: Iskenderun's Mystic Blast (safe; 9% risk of failure)
Confirm with . or Enter, or press ? or * to list all spells.
Aiming: Iskenderun's Mystic Blast (safe; 9% risk of failure)
Press: ? - help, Shift-Dir - straight line, f - bullfrog
Aim: a bullfrog (moderately wounded)
The orb of energy hits the bullfrog.
The bullfrog is almost dead.
The orb of energy explodes!
The mystic blast hits the jackal.
The jackal is almost dead.
You hear a shout!
You hear a bark!
You hear an angry hiss.
The bullfrog hits you. The bullfrog hits you!
* * * LOW HITPOINT WARNING * * *
Casting: Iskenderun's Mystic Blast (safe; 9% risk of failure)
Confirm with . or Enter, or press ? or * to list all spells.
Aiming: Magic Dart (safe; 4% risk of failure)
Press: ? - help, Shift-Dir - straight line, f/p - bullfrog
Aim: a bullfrog (almost dead)
The magic dart hits the bullfrog.
The bullfrog is almost dead.
The bullfrog hits you!
* * * LOW HITPOINT WARNING * * *
Casting: Magic Dart (safe; 4% risk of failure)
Confirm with . or Enter, or press ? or * to list all spells.
Okay, then.
Unknown command.
You feel better. The bullfrog hits you!
You die...

.....# ..# #.## # ......#
#.# #..## # .......###.#
##<.### #...##.### #.....
##.......##########.#.##
####.#..............#.##
........h)......######.##
#####..#F#.....##........
#..#@#>....##........
...##
##.#.................
.... >...########........
# #%..
#...#####..........#
#.#...
...................#
.....
##..................# ...
#..#.................
#.###.##......##.#####...
#.............##....##...


You could see a bullfrog and a jackal.

Vanquished Creatures
  An ogre (D:3)
  A hound (D:3)
  2 orc priests (D:3)
  An orc wizard (D:3)
  Jessica (D:2)
  2 adders
  2 worms (D:2)
  A dart slug (D:2)
  5 leopard geckos
  10 orcs
  4 bats
  2 giant cockroaches
  A goblin (D:2)
  7 hobgoblins
  8 jackals
  5 kobolds
  2 quokkas
  A ball python (D:1)
  6 frilled lizards
  6 rats
68 creatures vanquished.

Notes
Turn   | Place    | Note
-------+----------+-------------------------------------------
     0 | D:1      | MisterOstroum the Djinni Conjurer began the quest for the
                  | Orb.
     0 | D:1      | Reached XP level 1. HP: 14/14 MP: 4/4
   220 | D:1      | Reached skill level 1 in Fighting
   220 | D:1      | Reached XP level 2. HP: 23/23 MP: 1/6
   224 | D:1      | Learned a level 2 spell: Searing Ray
  1086 | D:2      | Reached XP level 3. HP: 29/29 MP: 1/7
  1160 | D:2      | Learned a level 3 spell: Iskenderun's Mystic Blast
  1221 | D:2      | Noticed Jessica
  1223 | D:2      | Killed Jessica
  1481 | D:2      | Gained mutation: Your spells are harder to cast, but more
                  | powerful. [Djinni growth]
  1481 | D:2      | Gained mutation: You can translocate small distances at
                  | will. [Djinni growth]
  1481 | D:2      | Reached XP level 4. HP: 37/37 MP: 5/8
  1878 | D:2      | Reached skill level 5 in Conjurations
  2521 | D:3      | Reached XP level 5. HP: 44/45 MP: 5/11
  2874 | D:3      | Learned a level 5 spell: Irradiate
  2881 | D:3      | Noticed an ogre
  2943 | D:3      | Killed an ogre
  2943 | D:3      | Reached skill level 6 in Conjurations
  2943 | D:3      | Reached XP level 6. HP: 51/51 MP: 2/12
  3058 | D:3      | Noticed Grinder
  3070 | D:3      | HP: 2/51 [bullfrog (11)]
  3071 | D:3      | Slain by a bullfrog

Skill      XL: |  1  2  3  4  5 |
---------------+----------------+-----
Fighting       | 1 2 3 |  3.0
Stealth        | 2 3 |  3.0
Conjurations   | 5 6 |  6.3
Spellcasting   | 4 |  4.0
Dodging        | |  2.0

Action                   |  1- 3 |  4- 6 || total
-------------------------+-------+-------++-------
Melee: Mace              |     6 |       ||     6
       Dagger            |     9 |    35 ||    44
 Cast: Magic Dart        |    50 |    48 ||    98
       Searing Ray       |     2 |     1 ||     3
       Iskenderun's Myst |     1 |    12 ||    13
  Use: Scroll            |     1 |     3 ||     4
       Potion            |       |     1 ||     1
 Stab: Sleeping          |       |     1 ||     1
  Eat: Chunk             |     2 |     6 ||     8
Armor: Robe              |     1 |    10 ||    11
Dodge: Dodged            |    10 |    28 ||    38
